 Dungeon Crawl Stone Soup version 0.26-a0-597-gb535b0901c (webtiles) character file.

Game seed: 3288746198248360016

(classic levelgen) 84753 EnegeticOcto the Severer (level 15, -2/139 HPs)
             Began as a Deep Dwarf Fighter on Sept 9, 2020.
             Was the Champion of Makhleb.
             Slain by a mana viper (5 damage)
             ... on level 4 of the Snake Pit.
             The game lasted 00:13:56 (14320 turns).

EnegeticOcto the Severer (Deep Dwarf Fighter)      Turns: 14320, Time: 00:13:57

Health: -2/139     AC: 30    Str: 32    XL:     15   Next: 36%
Magic:  1/2        EV:  6    Int:  9    God:    Makhleb [******]
Gold:   174        SH: 21    Dex: 15    Spells: 14/14 levels left

rFire    + . .     SeeInvis .   a - +1 broad axe (protect)
rCold    + . .     Faith    .   i - +0 tower shield
rNeg     + . .     Spirit   .   O - +0 plate armour {rPois}
rPois    +         Reflect  .   v - +1 helmet
rElec    .         Harm     .   o - scarf {rC+ rF+}
rCorr    .                      L - +0 pair of gloves {Dex+3}
MR       ++...                  b - +2 pair of boots
Stlth    ..........             (no amulet)
HPRegen  0.00/turn              g - +6 ring of strength
MPRegen  0.08/turn              G - +4 ring of evasion

@: lethally poisoned (-2 -> -2), protection aura, non-regenerating, constricted
A: damage resistance, heal wounds, negative energy resistance 1, sense
surroundings 2, no regeneration
a: Heal Wounds, Minor Destruction, Lesser Servant of Makhleb, Major Destruction,
Greater Servant of Makhleb, Renounce Religion


You were on level 4 of the Snake Pit.
You worshipped Makhleb.
Makhleb was exalted by your worship.
You visited 5 branches of the dungeon, and saw 23 of its levels.

You collected 1526 gold pieces.
You spent 1352 gold pieces at shops.

Inventory:

Hand Weapons
 a - a +1 broad axe of protection (weapon)
 j - a +0 scimitar of flaming
 s - a +0 dagger of distortion
Missiles
 A - a throwing net (quivered)
Armour
 b - a +2 pair of boots (worn)
 i - a +0 tower shield (worn)
 o - a scarf of resistance (worn)
 v - a +1 helmet (worn)
 L - a +0 pair of gloves of dexterity (worn)
 O - a +0 plate armour of poison resistance (worn)
 P - a +2 plate armour of cold resistance
Jewellery
 g - a +6 ring of strength (left hand)
 u - an uncursed ring of see invisible
 G - a +4 ring of evasion (right hand)
Wands
 t - a wand of disintegration (7)
 w - a wand of polymorph (21)
 E - a wand of paralysis (12)
Scrolls
 c - a scroll of immolation {@r4}
 e - 10 scrolls of teleportation {@r3}
 k - a scroll of fog
 l - 11 scrolls of remove curse {@r2}
 n - 4 scrolls of fear
 p - 2 scrolls of blinking
 x - a scroll of identify {@r1}
 y - 3 scrolls of magic mapping {@r5}
 J - a scroll of enchant armour
 K - a scroll of vulnerability
Potions
 d - a potion of might {@q3}
 h - a potion of curing {@q1}
 m - 3 potions of mutation
 q - 7 potions of heal wounds {@q2}
 r - 3 potions of berserk rage
 z - 3 potions of flight
 B - 2 potions of magic
 C - 3 potions of lignification {unknown}
 D - a potion of haste {@q4}
 F - 2 potions of ambrosia
 H - a potion of resistance {unknown}
 I - 2 potions of stabbing {unknown}
 M - 2 potions of cancellation
 N - 3 potions of invisibility
Miscellaneous
 f - a tin of tremorstones (3/3)


   Skills:
 + Level 10.3 Fighting
 * Level 16.0 Axes
 + Level 12.2 Armour
 + Level 12.0 Shields
 * Level 15.0 Invocations
 - Level 10.0 Evocations


You had 14 spell levels left.
You didn't know any spells.
Your spell library was empty.

Dungeon Overview and Level Annotations

Branches:
Dungeon (12/15)            Temple (1/1) D:7            Lair (4/6) D:10
  Swamp (0/4) Lair:4        Snake (4/4) Lair:4          Orc (2/2) D:12
    Elf (0/3) Orc:2

Altars:
Ashenzari
Cheibriados
Dithmenos
Elyvilon
Fedhas
Gozag
Hepliaklqana
Kikubaaqudgha
Makhleb
Nemelex Xobeh
Okawaru
Qazlal
Ru
Sif Muna
Trog
Uskayaw
Vehumet
Wu Jian
Xom
Yredelemnul
Zin
The Shining One

Shops:
Orc:2 [*(!}   Snake:4 [?

Annotations:
D:6 exclusion: statue
D:8 1 runed translucent door, viperstalker's ghost, novice PaFi
D:12 3 runed translucent doors
Lair:2 exclusion: oklob plant
Lair:4 exclusion: oklob plant


Innate Abilities, Weirdness & Mutations

You are resistant to damage.
You can heal yourself by infusing magical energy.
You resist negative energy. (rN+)
You passively map the area around you.
You do not regenerate.


Message History

You are too injured to fight recklessly!
You are too injured to fight recklessly!
You are too injured to fight recklessly!
You are too injured to fight recklessly!
You are too injured to fight recklessly!
You are too injured to fight recklessly!
You are too injured to fight recklessly!
You are too injured to fight recklessly!
You are too injured to fight recklessly!
You are too injured to fight recklessly!
You are too injured to fight recklessly!
You feel much better. The nagaraja hits you with a +0 club.
The anaconda bites you but does no damage.
The anaconda constricts you. You block the anaconda's attack.
You block the mana viper's attack. The guardian serpent hits you!
The naga warrior hits you but does no damage.
You block the sea snake's attack. You block the nagaraja's attack.
The guardian serpent coils itself and waves its upper body at you.
The anaconda bites you but does no damage.
The anaconda constricts you.
You barely miss the anaconda.
The anaconda is almost dead.
You closely miss the guardian serpent. You slash the nagaraja!
You barely miss the naga warrior. You closely miss the anaconda.
You barely miss the sea snake. You slash the mana viper!
You block the anaconda's attack. The guardian serpent hits you!
The mana viper bites you!
* * * LOW HITPOINT WARNING * * *
You feel your power leaking away. The anaconda bites you.
The anaconda constricts you. You block the anaconda's attack.
The naga warrior hits you but does no damage.
The guardian serpent casts a spell at you.
The sea snake bites you but does no damage.
The nagaraja spits poison at you. The splash of poison hits you! You resist.
* * * LOW HITPOINT WARNING * * *
The guardian serpent coils itself and waves its upper body at you.
You block the mana viper's attack.
You are too injured to fight recklessly!
You are too injured to fight recklessly!
You are too injured to fight recklessly!
You are too injured to fight recklessly!
You are too injured to fight recklessly!
You are too injured to fight recklessly!
You are too injured to fight recklessly!
You are too injured to fight recklessly!
You are too injured to fight recklessly!
You are too injured to fight recklessly!
You are too injured to fight recklessly!
You are too injured to fight recklessly!
You slice the anaconda!!
You kill the anaconda!
Makhleb accepts your kill.
You hit the mana viper. You slash the sea snake!
You kill the sea snake!
Makhleb accepts your kill.
You feel better.
Your Invocations skill increases to level 15!
Your plate armour prevents you from hitting the anaconda.
You closely miss the naga warrior. You hit the nagaraja but do no damage.
You hit the guardian serpent. You block the anaconda's attack.
The anaconda completely misses you.
The guardian serpent casts a spell at you.
The naga blinks!
The nagaraja points at you and mumbles some strange words.
The lance of force hits you!
You are knocked back by the lance of force.
You collide with the guardian serpent!
The naga hits you but does no damage. The naga grabs you.
The naga constricts you.
The naga warrior hits you but does no damage.
You block the mana viper's attack.
The anaconda bites you but does no damage.
The guardian serpent hits you but does no damage.
The nagaraja casts a spell at you. The poison arrow misses you.
The poison arrow hits the guardian serpent!
The guardian serpent partially resists.
The guardian serpent is poisoned.
You block the guardian serpent's attack.
The anaconda bites you but does no damage.
The naga loses its grip on you. You block the mana viper's attack.
The naga warrior hits you with a +0 short sword!
* * * LOW HITPOINT WARNING * * *
The naga warrior grabs you. The naga warrior constricts you.
The guardian serpent hits you but does no damage.
The guardian serpent hits you!
* * * LOW HITPOINT WARNING * * *
The nagaraja spits poison at you.
The splash of poison hits you but does no damage.
You are more poisoned.
You resist. The anaconda bites you!
* * * LOW HITPOINT WARNING * * *
You feel sick. The mana viper barely misses you. The guardian serpent hits you!
* * * LOW HITPOINT WARNING * * *
You block the anaconda's attack. The guardian serpent hits you!
* * * LOW HITPOINT WARNING * * *
The nagaraja hits you but does no damage.
You block the naga warrior's attack. The naga warrior constricts you.
The mana viper bites you!
You die...

** * + *** , * , , *
*###.....### , , , , ,,,
*...≈≈≈...* , ,,,, *
#..≈≈≈..# , , * ** ,#
#..≈≈≈..#,# * * * * *
..#.#..≈≈≈..#.# ,
..##...≈≈≈...#*
####...#*#SSS§.# .. * #
#......####@NN## ... *..
#.......##NNS..##... ,,,
* #.##...................
* #.##)...#######.......#
#..#.#..## ##......## ,
#........# #......##
###.....#..#####.....###
* ,
..#.....##...............
,
........##..........)....


You could see a naga warrior, a nagaraja (fast, catching breath), a naga
sharpshooter, an anaconda, a mana viper, 2 guardian serpents and a naga.

Vanquished Creatures
  Gastronok (D:11)
  4 nagarajas (Snake:4)
  An orc warlord (Orc:2)
  Fannar (D:10)
  3 hydras
  8 naga warriors
  A centaur warrior (Orc:2)
  A catoblepas (Lair:4)
  Erica (D:8)
  11 anacondas
  5 two-headed ogres
  5 naga sharpshooters
  3 shock serpents
  2 unseen horrors
  A salamander mystic (Snake:3)
  2 sea snakes
  4 naga ritualists
  4 mana vipers
  5 orc knights
  4 ugly things
  3 orc sorcerers (Orc:1)
  4 salamanders
  2 guardian serpents (Snake:4)
  21 black mambas
  6 naga magi
  6 cane toads
  Maggie (D:8)
  A komodo dragon (Lair:1)
  8 trolls
  8 slime creatures (D:12)
  5 blink frogs (Lair:4)
  4 dream sheep (Lair:4)
  7 hippogriffs
  Sigmund (D:2)
  2 wyverns
  8 yaks
  A spriggan (D:11)
  A shadow (D:11)
  Grum (D:8)
  Eustachio (D:6)
  6 vampire mosquitoes (Lair:4)
  11 wargs
  33 nagas
  8 water moccasins
  5 porcupines
  39 orc warriors
  11 ogres
  3 sky beasts
  4 ice beasts
  A necrophage (D:10)
  11 wolves
  3 phantoms
  13 centaurs
  A big kobold (D:10)
  6 crocodiles
  11 bullfrogs
  A wyvern skeleton (D:10)
  A wyvern zombie (D:11)
  A water moccasin zombie (D:8)
  6 scorpions
  7 killer bees
  7 wights
  An electric eel (D:9)
  A howler monkey (D:4)
  A centaur zombie (D:9)
  4 lava snakes (Snake:4)
  A bullfrog zombie (D:11)
  3 bullfrog skeletons
  2 jellies (D:9)
  A centaur skeleton (D:11)
  15 orc priests
  3 hounds
  33 orc wizards
  3 iguanas
  10 worker ants
  A killer bee zombie (D:8)
  A hound zombie (D:10)
  10 adders
  2 shadow imps
  2 white imps
  An ufetubus (D:5)
  An ooze (D:6)
  An adder zombie (D:5)
  A dart slug (D:5)
  4 leopard geckos
  78 orcs
  6 ball pythons
  3 giant cockroaches (D:2)
  2 goblins
  10 hobgoblins
  12 jackals
  6 kobolds
  5 quokkas
  7 bats
  5 frilled lizards
  A jackal zombie (D:9)
  A quokka skeleton (D:7)
  5 rats
590 creatures vanquished.

Vanquished Creatures (collateral kills)
  A centaur warrior (Orc:2)
  An orc knight (Orc:2)
  2 orc warriors (Orc:2)
  3 orcs (Orc:2)
7 creatures vanquished.

Vanquished Creatures (others)
  An orc (D:8)
  8 fungi
  30 plants
39 creatures vanquished.

Grand Total: 636 creatures vanquished

Notes
Turn   | Place    | Note
-------+----------+-------------------------------------------
     0 | D:1      | EnegeticOcto the Deep Dwarf Fighter began the quest for the
                  | Orb.
     0 | D:1      | Reached XP level 1. HP: 20/20 MP: 1/1
   186 | D:1      | Reached XP level 2. HP: 18/27 MP: 2/2
   297 | D:2      | Found a shimmering altar of Xom.
   360 | D:3      | Reached skill level 3 in Axes
   366 | D:3      | Reached XP level 3. HP: 30/33 MP: 3/3
   433 | D:3      | Reached XP level 4. HP: 31/42 MP: 4/4
  1036 | D:4      | Noticed a phantom
  1041 | D:4      | Reached skill level 4 in Axes
  1044 | D:4      | Reached XP level 5. HP: 30/49 MP: 5/5
  1100 | D:4      | Killed a phantom
  1252 | D:4      | Noticed an ogre
  1267 | D:4      | Killed an ogre
  1267 | D:4      | Reached skill level 5 in Axes
  1267 | D:4      | Reached XP level 6. HP: 31/57 MP: 6/6
  1546 | D:5      | Entered Level 5 of the Dungeon
  1732 | D:5      | Reached XP level 7. HP: 26/64 MP: 7/7
  1767 | D:5      | Reached skill level 5 in Armour
  1767 | D:5      | Reached skill level 5 in Shields
  1780 | D:5      | Reached skill level 6 in Axes
  2191 | D:6      | Reached XP level 8. HP: 49/73 MP: 6/6
  2240 | D:6      | Noticed a +0 dagger
  2241 | D:6      | Found a hide-covered altar of Uskayaw.
  2242 | D:6      | Noticed a +0 hand axe
  2291 | D:6      | Found a radiant altar of Vehumet.
  2292 | D:6      | Found an iron altar of Okawaru.
  2479 | D:6      | Noticed Eustachio
  2513 | D:6      | Found a sparkling altar of Nemelex Xobeh.
  2526 | D:6      | Killed Eustachio
  2526 | D:6      | Reached skill level 7 in Axes
  2955 | D:7      | Reached skill level 5 in Fighting
  2993 | D:7      | Found a glowing golden altar of the Shining One.
  3095 | D:7      | Reached skill level 8 in Axes
  3140 | D:7      | Found a staircase to the Ecumenical Temple.
  3158 | Temple   | Entered the Ecumenical Temple
  3739 | D:2      | Noticed Sigmund
  3747 | D:2      | Killed Sigmund
  4257 | D:3      | Gained mutation: You passively map the area around you.
                  | [Deep Dwarf growth]
  4257 | D:3      | Reached XP level 9. HP: 56/81 MP: 7/7
  5099 | D:8      | Reached skill level 9 in Axes
  5112 | D:8      | Found a bloodstained altar of Trog.
  5140 | D:8      | Noticed viperstalker's ghost (novice PaFi)
  5147 | D:8      | Found a runed translucent door.
  5239 | D:8      | Noticed Erica
  5239 | D:8      | Noticed Maggie
  5260 | D:8      | Killed Erica
  5293 | D:8      | Killed Maggie
  5427 | D:8      | Noticed Grum
  5429 | D:8      | Noticed an unseen horror
  5435 | D:8      | Reached skill level 10 in Axes
  5452 | D:8      | Killed Grum
  5473 | D:8      | Killed an unseen horror
  5473 | D:8      | Reached XP level 10. HP: 59/92 MP: 4/4
  5754 | D:9      | Found a burning altar of Makhleb.
  5773 | D:9      | Became a worshipper of Makhleb the Destroyer
  6020 | D:9      | Noticed a two-headed ogre
  6027 | D:9      | Killed a two-headed ogre
  6027 | D:9      | Reached skill level 1 in Evocations
  6469 | D:10     | Entered Level 10 of the Dungeon
  6568 | D:10     | Found a staircase to the Lair.
  6568 | D:10     | Noticed Fannar
  6615 | D:10     | Killed Fannar
  6615 | D:10     | Reached skill level 11 in Axes
  6741 | D:10     | Reached * piety under Makhleb
  6811 | D:10     | Noticed a two-headed ogre
  6829 | D:10     | Killed a two-headed ogre
  6926 | D:10     | Reached XP level 11. HP: 69/100 MP: 4/4
  6955 | D:10     | Reached skill level 5 in Invocations
  7731 | D:11     | Noticed a white ugly thing
  7742 | D:11     | Killed a white ugly thing
  7742 | D:11     | Reached ** piety under Makhleb
  8054 | D:11     | Noticed Gastronok
  8070 | D:11     | Killed Gastronok
  8070 | D:11     | Reached skill level 12 in Axes
  8464 | D:11     | Noticed a brown ugly thing
  8473 | D:11     | Killed a brown ugly thing
  8616 | D:12     | Reached skill level 5 in Evocations
  8668 | D:12     | Noticed a cyan ugly thing
  8685 | D:12     | Killed a cyan ugly thing
  8832 | D:12     | Reached *** piety under Makhleb
  8859 | D:12     | Found a staircase to the Orcish Mines.
  8918 | D:12     | Noticed a four-headed hydra
  8933 | D:12     | Killed a 13-headed hydra
  8933 | D:12     | Reached XP level 12. HP: 50/110 MP: 2/2
  8972 | D:12     | Found a runed translucent gate.
  8972 | D:12     | Found a runed translucent gate.
  8972 | D:12     | Found a runed translucent gate.
  8972 | D:12     | Noticed a cyan very ugly thing
  9548 | Orc:1    | Entered Level 1 of the Orcish Mines
  9550 | Orc:1    | Noticed a two-headed ogre
  9564 | Orc:1    | Killed a two-headed ogre
  9778 | Orc:1    | Reached skill level 13 in Axes
  9784 | Orc:1    | Reached **** piety under Makhleb
  9797 | Orc:1    | You fall into a shaft and drop 1 floor!
  9797 | Orc:2    | Entered Level 2 of the Orcish Mines
  9805 | Orc:2    | Noticed a centaur warrior
  9834 | Orc:2    | Reached skill level 10 in Armour
  9834 | Orc:2    | Killed a centaur warrior
  9834 | Orc:2    | Reached skill level 10 in Shields
  9834 | Orc:2    | Reached skill level 10 in Invocations
  9935 | Orc:2    | Noticed a centaur warrior
  9944 | Orc:2    | Killed a centaur warrior
  9961 | Orc:2    | Found Qisiuf's Gadget Shop.
  9988 | Orc:2    | Noticed a two-headed ogre
  9996 | Orc:2    | Reached ***** piety under Makhleb
 10004 | Orc:2    | Killed a two-headed ogre
 10004 | Orc:2    | Reached XP level 13. HP: 93/118 MP: 1/3
 10084 | Orc:2    | Noticed an orc warlord
 10126 | Orc:2    | Killed an orc warlord
 10324 | Orc:2    | Found a staircase to the Elven Halls.
 10442 | Orc:2    | Found Tyijaej's Assorted Antiques.
 10442 | Orc:2    | Found Hidyle's Weapon Boutique.
 10444 | Orc:2    | Found Amnoquwk's Distillery.
 10446 | Orc:2    | Found Bofill's Armour Emporium.
 10450 | Orc:2    | Bought a scroll labeled SEEDUY MUGRA for 31 gold pieces
 10450 | Orc:2    | Bought a scroll labeled SEEDUY MUGRA for 31 gold pieces
 10462 | Orc:2    | Bought a pair of embroidered gloves for 232 gold pieces
 10470 | Orc:2    | Bought a potion of cancellation for 128 gold pieces
 10470 | Orc:2    | Bought a potion of invisibility for 128 gold pieces
 10470 | Orc:2    | Bought a potion of invisibility for 128 gold pieces
 10470 | Orc:2    | Bought a potion of heal wounds for 80 gold pieces
 10470 | Orc:2    | Bought a potion of heal wounds for 80 gold pieces
 10470 | Orc:2    | Bought a potion of heal wounds for 80 gold pieces
 10470 | Orc:2    | Bought a potion of mutation for 128 gold pieces
 10602 | Lair:1   | Entered Level 1 of the Lair of Beasts
 10842 | Lair:2   | Reached skill level 14 in Axes
 10859 | Lair:2   | Got a polished chain mail
 10870 | Lair:2   | Identified the cursed +1 chain mail of Kaolouk {Dex+5} (You
                  | found it on level 2 of the Lair of Beasts)
 12229 | Lair:4   | Found a staircase to the Snake Pit.
 12446 | Lair:4   | Reached ****** piety under Makhleb
 12605 | Lair:4   | Found a staircase to the Swamp.
 13013 | Snake:1  | Entered Level 1 of the Snake Pit
 13140 | Snake:1  | Gained mutation: You resist negative energy. (rN+) [Deep
                  | Dwarf growth]
 13140 | Snake:1  | Reached XP level 14. HP: 99/129 MP: 5/5
 13625 | Snake:3  | Reached skill level 15 in Axes
 13694 | Snake:4  | Entered Level 4 of the Snake Pit
 13694 | Snake:4  | Found Yheuloiq's Magic Scroll Shoppe.
 13701 | Snake:4  | Bought a scroll of enchant armour for 135 gold pieces
 13701 | Snake:4  | Bought a scroll of magic mapping for 63 gold pieces
 13701 | Snake:4  | Bought a scroll of teleportation for 54 gold pieces
 13701 | Snake:4  | Bought a scroll of teleportation for 54 gold pieces
 13740 | Snake:4  | Noticed a nagaraja
 13757 | Snake:4  | Killed a nagaraja
 13757 | Snake:4  | Reached skill level 10 in Evocations
 13915 | Snake:4  | Noticed a nagaraja
 13948 | Snake:4  | Noticed a nagaraja
 13953 | Snake:4  | Reached skill level 10 in Fighting
 13975 | Snake:4  | Noticed a nagaraja
 13977 | Snake:4  | Killed a nagaraja
 13998 | Snake:4  | Reached XP level 15. HP: 118/138 MP: 3/3
 14053 | Snake:4  | Noticed a nagaraja
 14090 | Snake:4  | Killed a nagaraja
 14125 | Snake:4  | Killed a nagaraja
 14241 | Snake:4  | Found Kael's Armour Emporium.
 14264 | Snake:4  | Reached skill level 16 in Axes
 14301 | Snake:4  | Noticed a nagaraja
 14318 | Snake:4  | Reached skill level 15 in Invocations
 14320 | Snake:4  | HP: 3/139 [guardian serpent (11)]
 14320 | Snake:4  | Slain by a mana viper

Illustrated notes

Levels and vault maps discovered:
D:1:      lightli_iron_boxes, layout_loops_ring
D:2:      layout_basic, lemuel_round_altar, serial_forest,
          infiniplex_forest_fountain, infiniplex_forest_straight_2,
          infiniplex_forest_clump_diagonal, infiniplex_forest_lined_4_way,
          uniq_sigmund
D:3:      layout_loops_ring, minmay_misc_feat_rugged
D:4:      layout_basic
D:5:      layout_gridville, serial_bayou_crossing
D:6:      layout_loops_cross, vehumet_statue, lemuel_crystal_altar,
          dancing_weapons_uskayaw, okawaru_ov_weapons_minmay, uniq_eustachio
D:7:      layout_basic, lemuel_crystal_altar, temple_green
D:8:      layout_rooms, kennysheep_mini_moat, hellmonk_ghost_happy_afterlife,
          uniq_erica, uniq_maggie, uniq_grum
D:9:      layout_stronghold, makhleb_heckhound_becter, serial_column_ruins,
          column_ruins_corridor_water, column_ruins_open_small,
          column_ruins_open_small, column_ruins_open_small,
          column_ruins_open_small, minmay_misc_feat_cross, fungi_pond_lemuel
D:10:     layout_stronghold, lair_entry_dummy, uniq_fannar
D:11:     layout_basic, the_bakery, uniq_gastronok
D:12:     layout_long_grid, erik_orc_3,
          ploomutoo_gammafunk_ghost_potion_laboratory, grunt_ministairs_8
Temple:   regret_index_temple_generic_petals
Lair:1:   layout_roguey, st_stairs_4, lemuel_fruit_tree
Lair:2:   layout_cave_pods, st_stairs_13, grunt_megastairs_2,
          minmay_lair_oklob_chamber
Lair:3:   layout_big_grid
Lair:4:   layout_cellular_growth, minmay_swamp_entry_swarm,
          guppyfry_snake_entry_island
Snake:1:  layout_onion, serial_bayou_lagoon_a, uniq_roxanne
Snake:2:  layout_basic, serial_corexii_hall, chequers_hall_statues_y,
          corexii_hall_statues_x, chequers_hall_statues_wall_a,
          chequers_hall_statues_corner_a, serial_shops, nicolae_shop_trees,
          st_stairs_12, uniq_aizul
Snake:3:  layout_misc_corridors, basic_altar, grunt_megastairs_4, uniq_jorgrun
Snake:4:  grunt_snake_rune_pools, layout_onion, serial_shops, bzr_entry_road,
          shop_fountains, nicolae_shop_competitors_out_of_business,
          nicolae_snake_double_loop, nicolae_snake_lava_pool,
          serial_bayou_shore_b
Orc:1:    layout_caves
Orc:2:    st_orc_rangers, layout_caves, serial_shops, shop

Skill      XL: |  1  2  3  4  5  6  7  8  9 10 11 12 13 14 15 |
---------------+----------------------------------------------+-----
Axes           | 3 4 5 6 8 10 11 12 13 14 15 16 | 16.0
Fighting       | 3 4 5 6 7 8 9 10 | 10.3
Armour         | 4 5 6 7 8 9 10 11 12 | 12.2
Shields        | 4 5 6 7 8 9 10 11 12 | 12.0
Invocations    | 4 8 10 12 14 15 | 15.0
Evocations     | 3 5 7 9 10 | 10.0

Action                   |  1- 3 |  4- 6 |  7- 9 | 10-12 | 13-15 || total
-------------------------+-------+-------+-------+-------+-------++-------
Melee: War axe           |    55 |   140 |   404 |   689 |       ||  1288
       Broad axe         |       |       |       |    54 |   920 ||   974
Invok: Lesser Servant of |       |       |       |     2 |       ||     2
 Abil: Heal Wounds       |     1 |     5 |    19 |    34 |    34 ||    93
Evoke: Wand              |       |       |       |    11 |    12 ||    23
       Tin of tremorston |       |       |       |     4 |     6 ||    10
  Use: Scroll            |       |       |     6 |    12 |     7 ||    25
       Potion            |       |       |       |       |     5 ||     5
 Stab: Distracted        |       |       |       |     2 |       ||     2
Armor: Scale mail        |    24 |     5 |       |       |       ||    29
       Chain mail        |       |    49 |   195 |    27 |       ||   271
       Plate armour      |       |       |       |   353 |   663 ||  1016
Dodge: Dodged            |    13 |    21 |    61 |   108 |   303 ||   506
Block: Kite shield       |    10 |       |       |       |       ||    10
       Tower shield      |    25 |   127 |   417 |   873 |  1321 ||  2763

Table legend: (Time is in decaauts)
 A = Elapsed time spent in this place.
 B = Non-inter-level travel time spent in this place.
 C = Inter-level travel time spent in this place.
 D = Time resting spent in this place.
 E = Time spent auto-exploring this place.
 F = Levels seen in this place.
 G = Mean time per level.
                   A        B        C        D        E       F      G
               +--------+--------+--------+--------+--------+-----+--------+
         Total |  14498 |  13643 |    855 |      0 |   9702 |  23 |  630.3 |
       Dungeon |   9567 |   8939 |    628 |      0 |   6638 |  12 |  797.2 |
        Temple |    246 |    211 |     35 |      0 |    210 |   1 |  246.0 |
          Lair |   2420 |   2343 |     77 |      0 |   1874 |   4 |  605.0 |
     Snake Pit |   1270 |   1217 |     53 |      0 |    468 |   4 |  317.5 |
  Orcish Mines |    993 |    932 |     61 |      0 |    512 |   2 |  496.5 |
               +--------+--------+--------+--------+--------+-----+--------+

Top non-repeatable levels by time:
    D:11: 1229 daAuts
     D:4: 1135 daAuts
  Lair:2: 1003 daAuts
    D:10: 963 daAuts
    D:12: 953 daAuts
     D:9: 888 daAuts
  Lair:4: 871 daAuts
     D:2: 827 daAuts
     D:6: 788 daAuts
     D:3: 777 daAuts
   Orc:2: 739 daAuts
     D:5: 725 daAuts
 Snake:4: 600 daAuts
     D:8: 554 daAuts
     D:7: 499 daAuts
